 Dungeon Crawl Stone Soup version 0.30.1-6-gbe392663c4 (webtiles) character file.

Game seed: 11501124459323065528

94 Ivernyr the Shield-Bearer (level 4, -3/37 HPs)
             Began as a Formicid Fighter on Sept 20, 2023.
             Slain by an ogre
             ... wielding a +0 giant club
              (22 damage)
             ... on level 4 of the Dungeon.
             The game lasted 00:03:05 (2388 turns).

Ivernyr the Shield-Bearer (Formicid Fighter)        Turns: 2388, Time: 00:03:05

Health: -3/37      AC:  7    Str: 22    XL:     4   Next: 94%
Magic:  4/4        EV:  9    Int:  8    God:
Gold:   169        SH:  5    Dex: 13    Spells: 3/3 levels left

rFire   . . .        a - +0 quarterstaff
rCold   . . .        c - +0 buckler
rNeg    . . .        b - +0 scale mail
rPois   .            (helmet unavailable)
rElec   .            (no cloak)
rCorr   .            (no gloves)
SInv    +            (no boots)
Will    .....        (no amulet) Stlth
                     (no ring)
HPRegen 0.26/turn    (no ring)
MPRegen 0.09/turn

%: no passive effects
@: no status effects
A: permanent stasis, dig shafts and tunnels, antennae 3, four strong arms
a: Dig, Shaft Self


You were on level 4 of the Dungeon.
You visited 1 branch of the dungeon, and saw 4 of its levels.

You collected 169 gold pieces.

Inventory:

Hand Weapons
 a - a +0 quarterstaff (weapon)
Armour
 b - a +0 scale mail (worn)
 c - a +0 buckler (worn)
Scrolls
 e - 2 scrolls of fog {unknown}
 f - 5 scrolls of teleportation {unknown}
 g - a scroll of fear {unknown}
 h - 2 scrolls of blinking {unknown}
 k - 2 scrolls of identify {unknown}
 l - 2 scrolls of amnesia {unknown}
 m - a scroll of poison {unknown}
 q - a scroll of magic mapping {unknown}
Potions
 d - 3 potions of might
 i - 2 potions of degeneration {unknown}
 j - a potion of heal wounds {unknown}
 n - 2 potions of curing {unknown}
 o - a potion of berserk rage {unknown}
 p - a potion of flight {unknown}
 r - a potion of magic {unknown}
 s - a potion of mutation {unknown}


   Skills:
 + Level 3.8 Fighting
 * Level 3.3 Staves
 + Level 3.9 Armour
 + Level 4.7 Shields


You had 3 spell levels left.
You didn't know any spells.
Your spell library contained the following spells:

 Spells                   Type           Power      Damage    Failure   Level
 Poisonous Vapours        Pois/Air       0%         N/A       90%         2
 Mephitic Cloud           Conj/Pois/Air  0%         N/A       99%         3
 Freezing Cloud           Conj/Ice/Air   0%         6-21      100%        5


Dungeon Overview and Level Annotations

Branches:
Dungeon (4/15)
 Temple: D:4-7

Altars:
Fedhas


Innate Abilities, Weirdness & Mutations

You cannot be hasted, slowed, berserked, paralysed or teleported.
You can dig through walls and to a lower floor.
You have a pair of large antennae on your head. (SInv)
Your four strong arms can wield two-handed weapons with a shield.


Message History

You sense a monster nearby.
A kobold comes into view.
It is wielding a +0 whip and quivering poisoned darts.
The kobold shouts!
You closely miss the kobold. The kobold hits you with a +0 whip.
You closely miss the kobold. You block the kobold's attack.
You barely miss the kobold. The kobold hits you with a +0 whip.
You barely miss the kobold. You block the kobold's attack.
You closely miss the kobold. The kobold hits you with a +0 whip.
You block the kobold's attack.
You barely miss the kobold. You block the kobold's attack.
You closely miss the kobold. The kobold hits you but does no damage.
You sock the kobold!
You kill the kobold!
Things that are here:
a +0 whip; 6 poisoned darts; a kobold corpse A goblin comes into view.
It is wielding a +0 club.
A goblin is nearby!
You block the goblin's attack.
You closely miss the goblin. You block the goblin's attack.
You barely miss the goblin. You block the goblin's attack.
The goblin barely misses you.
You closely miss the goblin. You block the goblin's attack.
You completely miss the goblin. The goblin hits you with a +0 club.
You sock the goblin!
You kill the goblin!
s - a bubbling coppery potion You see here a +0 club.
An ogre comes into view. It is wielding a +0 giant club.
An ogre is nearby!
You sock the ogre!
The ogre is moderately wounded.
The ogre barely misses you.
You hit the ogre.
The ogre is heavily wounded.
The ogre hits you with a +0 giant club!!
You barely miss the ogre.
The ogre is heavily wounded.
The ogre hits you with a +0 giant club!!
Ouch! That really hurt!
You die...

# ##...##..........#
####.##.....#.#####.####
#...................#
..?##.##.....#.#####.# #
##...##.<.....#
####)###........#
#.......#####...#
#.##.##.# ..# # #@##.# {
# #O##.# #.##.# ...#..
...... ....... .....
#..#.##


You could see an ogre.

Vanquished Creatures
  A hound (D:4)
  An adder (D:3)
  A worm (D:2)
  4 orcs (D:3)
  3 ball pythons
  3 bats (D:1)
  3 endoplasms
  4 giant cockroaches
  6 goblins
  A hobgoblin (D:2)
  3 quokkas
  5 frilled lizards
  7 kobolds
  3 rats
45 creatures vanquished.

Notes
Turn   | Place    | Note
-------+----------+-------------------------------------------
     0 | D:1      | Ivernyr the Formicid Fighter began the quest for the Orb.
     0 | D:1      | Reached XP level 1. HP: 18/18 MP: 1/1
   120 | D:1      | Reached XP level 2. HP: 23/24 MP: 2/2
   588 | D:1      | Reached XP level 3. HP: 29/29 MP: 3/3
  1704 | D:3      | Reached XP level 4. HP: 31/37 MP: 4/4
  1741 | D:3      | Found a blossoming altar of Fedhas.
  2382 | D:4      | Noticed an ogre
  2388 | D:4      | Slain by an ogre

Illustrated notes

Levels and vault maps discovered:
D:1:      minmay_arrival_checkered_box, layout_basic
D:2:      layout_basic
D:3:      layout_rooms, lemuel_round_altar, minmay_curled_crystal,
          patterned_corridor
D:4:      layout_loops_cross

Skill      XL: |  1  2  3  4 |
---------------+-------------+-----
Staves         | 3 |  3.3
Fighting       | |  3.8
Armour         | |  3.9
Shields        | |  4.7

Action                     |  1- 3 |  4- 6 || total
---------------------------+-------+-------++-------
  Melee: Quarterstaff      |    95 |    46 ||   141
 Armour: Scale mail        |    38 |    12 ||    50
  Dodge: Dodged            |    44 |    14 ||    58
  Block: Buckler           |    28 |    16 ||    44
